 Dungeon Crawl Stone Soup version 0.29.1-1-gd02db6906a (webtiles) character file.

Game seed: 18304755861102151961

1256 quakins the Cleaver (level 8, -13/70 HPs)
             Began as a Hill Orc Fighter on Oct 6, 2022.
             Was an Initiate of Beogh.
             Mangled by an ogre
             ... wielding a +0 giant spiked club
              (14 damage)
             ... on level 6 of the Dungeon.
             The game lasted 00:11:13 (6560 turns).

quakins the Cleaver (Hill Orc Fighter)              Turns: 6560, Time: 00:11:14

Health: -13/70     AC: 12    Str: 21    XL:     8   Next: 51%
Magic:  10/10      EV:  9    Int:  8    God:    Beogh [......]
Gold:   259        SH:  4    Dex: 10    Spells: 7/7 levels left

rFire   . . .      SeeInvis .   a - +0 war axe
rCold   . . .      Faith    .   c - +0 buckler
rNeg    . . .      Spirit   .   b - +0 scale mail
rPois   .          Reflect  .   x - +0 helmet
rElec   .          Harm     .   y - +0 cloak
rCorr   .          Rampage  +   (no gloves)
Will    .....                   t - +1 pair of boots {rampage}
Stlth   ..........              (no amulet)
HPRegen 0.21/turn               (no ring)
MPRegen 0.12/turn               (no ring)

@: no status effects
A: no striking features
a: Renounce Religion


You were on level 6 of the Dungeon.
You worshipped Beogh.
Beogh was noncommittal.
You visited 1 branch of the dungeon, and saw 6 of its levels.

You collected 259 gold pieces.

Inventory:

Hand Weapons
 a - a +0 war axe (weapon)
Armour
 b - a +0 scale mail (worn)
 c - a +0 buckler (worn)
 t - a +1 pair of boots of rampaging (worn)
 x - a +0 helmet (worn)
 y - a +0 cloak (worn)
Jewellery
 w - a ring of flight
Wands
 s - a wand of iceblast (6)
Scrolls
 e - a scroll of fear
 f - 2 scrolls of blinking {unknown}
 g - 2 scrolls of immolation {unknown}
 h - 4 scrolls of fog {unknown}
 j - 8 scrolls of identify {unknown}
 k - a scroll of torment {unknown}
 o - a scroll of summoning {unknown}
 q - a scroll of amnesia {unknown}
 r - a scroll of enchant weapon {unknown}
 B - a scroll of teleportation {unknown}
Potions
 d - 2 potions of might
 i - 3 potions of resistance {unknown}
 l - 2 potions of heal wounds {unknown}
 m - 2 potions of berserk rage {unknown}
 n - a potion of ambrosia {unknown}
 p - 2 potions of mutation {unknown}
 u - a potion of haste {unknown}
 v - 2 potions of curing {unknown}
 z - a potion of lignification {unknown}
 A - a potion of invisibility {unknown}


   Skills:
 - Level 6.0 Fighting
 - Level 10.0 Axes
 - Level 6.0 Armour
 - Level 3.2 Shields
 * Level 3.7 Invocations


You had 7 spell levels left.
You didn't know any spells.
Your spell library contained the following spells:

 Spells                   Type           Power      Damage    Failure   Level
 Portal Projectile        Hex/Tloc       0%         N/A       99%         3
 Stone Arrow              Conj/Erth      0%         3d7       99%         3
 Tukima's Dance           Hex            0%         N/A       99%         3
 Animate Armour           Summ/Erth      0%         N/A       100%        4
 Passage of Golubria      Tloc           0%         N/A       100%        4
 Blade Hands              Tmut           0%         N/A       100%        5
 Yara's Violent Unravell  Hex/Tmut       0%         3d3       100%        5
 Lehudib's Crystal Spear  Conj/Erth      0%         10d2      100%        8


Dungeon Overview and Level Annotations

Branches:
Dungeon (6/15)             Temple (0/1) D:4

Altars:
Dithmenos
Nemelex Xobeh
Okawaru
Qazlal
Ru
Sif Muna
Vehumet
Wu Jian
Zin

Shops:
D:2 *(   D:6 =


Message History

You closely miss the adder.
You feel sick.
You are no longer poisoned.
You block the adder's attack.
You hit the adder.
The adder is moderately wounded.
The adder closely misses you. x2
You slash the adder!
You kill the adder!
Beogh accepts your kill.
You see here an adder corpse.
Okay, then.
B - a scroll labelled ROCOIBRUXZE A hound comes into view.
The hound barks!
The hound moves out of view.
A hound is nearby!
The hound bites you but does no damage.
You slash the hound!
You kill the hound!
Beogh accepts your kill.
You see here a hound corpse.
You now have 259 gold pieces (gained 11).
An ogre comes into view. It is wielding a +0 giant spiked club.
The ogre shouts!
An ogre is nearby!
You slash the ogre!
The ogre is moderately wounded.
The ogre hits you with a +0 giant spiked club!
You barely miss the ogre.
The ogre is moderately wounded.
The ogre hits you with a +0 giant spiked club!!
You barely miss the ogre.
The ogre is moderately wounded.
You slash the ogre!
The ogre is almost dead.
The ogre hits you with a +0 giant spiked club!!
* * * LOW HITPOINT WARNING * * *
The ogre attacks as you move away!
The ogre hits you with a +0 giant spiked club!
You die...

#.........# .# #
####
#.#.###...#...
#...# #...##.#
###^####†.##.###
#.............
#####..###.###
###..##...#######
#.......#.O......
#.#..##..@#.
#.#..###.## #
#.#..# #.# .####
#.#..# #.# ....
#.#..###.# ...#
#.#......##.[.#
#.#...##......#
#.#...)..<....#
#...........###


You could see an ogre.

Vanquished Creatures
  Edmund (D:5)
  An ogre (D:6)
  A centaur (D:4)
  2 phantoms
  A necrophage (D:3)
  Blork the orc (D:6)
  A bullfrog (D:6)
  2 scorpions
  3 wights (D:5)
  A hound (D:6)
  2 jellies
  An iguana (D:6)
  11 adders
  3 gnolls (D:3)
  A shadow imp (D:5)
  3 ufetubi (D:4)
  A worm (D:4)
  6 orcs
  9 ball pythons
  7 bats
  6 endoplasms
  4 giant cockroaches
  7 goblins
  8 hobgoblins
  9 jackals
  9 kobolds
  5 quokkas
  6 frilled lizards
  2 rats (D:2)
114 creatures vanquished.

Vanquished Creatures (others)
  2 orcs (D:6)
2 creatures vanquished.

Grand Total: 116 creatures vanquished

Notes
Turn   | Place    | Note
-------+----------+-------------------------------------------
     0 | D:1      | quakins the Hill Orc Fighter began the quest for the Orb.
     0 | D:1      | Reached XP level 1. HP: 19/19 MP: 1/1
    67 | D:1      | Reached skill level 3 in Axes
   104 | D:1      | Found a faded altar of an unknown god.
   130 | D:1      | Reached XP level 2. HP: 26/26 MP: 2/2
   159 | D:1      | You fall into a shaft and drop 1 floor!
   191 | D:2      | Reached skill level 4 in Axes
   297 | D:2      | Found Runnis's Weapon Boutique.
   337 | D:2      | Reached XP level 3. HP: 6/31 MP: 3/3
  1008 | D:1      | Reached skill level 5 in Axes
  1507 | D:2      | Found Wijijud's General Store.
  1869 | D:2      | Reached XP level 4. HP: 21/39 MP: 4/4
  2451 | D:3      | Noticed a necrophage
  2561 | D:4      | Reached skill level 6 in Axes
  2760 | D:4      | Reached XP level 5. HP: 31/45 MP: 5/5
  2912 | D:4      | Found a staircase to the Ecumenical Temple.
  2953 | D:4      | Reached skill level 7 in Axes
  3288 | D:4      | Noticed a phantom
  3673 | D:3      | Found a stormy altar of Qazlal.
  3772 | D:3      | Found a shadowy altar of Dithmenos.
  3802 | D:3      | Found a shimmering blue altar of Sif Muna.
  4076 | D:3      | Found a sacrificial altar of Ru.
  4216 | D:3      | Reached skill level 8 in Axes
  4216 | D:3      | Reached XP level 6. HP: 29/51 MP: 6/6
  4589 | D:4      | Reached skill level 9 in Axes
  4665 | D:4      | Reached XP level 7. HP: 57/57 MP: 7/7
  4677 | D:4      | Reached skill level 10 in Axes
  4747 | D:5      | Entered Level 5 of the Dungeon
  4835 | D:5      | Found an iron altar of Okawaru.
  5006 | D:5      | Reached skill level 5 in Fighting
  5135 | D:5      | Found a glowing silver altar of Zin.
  5160 | D:5      | Noticed Edmund
  5175 | D:5      | Killed Edmund
  5176 | D:5      | Reached XP level 8. HP: 22/66 MP: 8/8
  5488 | D:5      | Found a sparkling altar of Nemelex Xobeh.
  5628 | D:5      | Reached skill level 5 in Armour
  5812 | D:5      | Found an ornate altar of the Wu Jian Council.
  5977 | D:6      | Found a radiant altar of Vehumet.
  6083 | D:6      | Found Jiluig's Jewellery Boutique.
  6235 | D:6      | Became a worshipper of Beogh the Brigand
  6376 | D:6      | Noticed Blork the orc
  6384 | D:6      | Killed Blork the orc
  6559 | D:6      | HP: 1/70 [ogre/+0 giant spiked club (31)]
  6560 | D:6      | Mangled by an ogre

Illustrated notes

Levels and vault maps discovered:
D:1:      zelgadis_glass_arrival_small, layout_loops_cross,
          basic_ecumenical_altar
D:2:      layout_loops_ring, serial_shops, nicolae_shop_bloodbath_and_beyond,
          nicolae_shop_behind_doors, serial_bayou_crossing
D:3:      layout_basic, led_sif_book, lemuel_round_altar,
          grunt_temple_overflow_open, mrwooster_statue_mirror,
          skrybe_limestone_x
D:4:      layout_loops_ring, minmay_temple_entry_overgrown, minmay_crystal_room,
          nzn_random_ring
D:5:      layout_cave_pools, okawaru_ov_weapons_minmay,
          mainiacjoe_overflow_tiny_flanked, nemelex_xobeh_ov_fountains_minmay,
          pdpol_wu_jian_five_deadly_venoms, uniq_edmund
D:6:      layout_loops_ring, nicolae_overflow_hidden_temple, serial_shops,
          nicolae_shop_advertising_works [nicolae_subvault_shop_adworks],
          nrook_campfire, uniq_blork_the_orc

Skill      XL: |  1  2  3  4  5  6  7  8 |
---------------+-------------------------+-----
Axes           | 3 4 5 6 8 9 10 | 10.0
Fighting       | 6 |  6.0
Armour         | 4 6 |  6.0
Invocations    | 3 |  3.7
Shields        | |  3.2

Action                   |  1- 3 |  4- 6 |  7- 9 || total
-------------------------+-------+-------+-------++-------
Melee: War axe           |   137 |   178 |   108 ||   423
Invok: Convert to Beogh  |       |       |     1 ||     1
Evoke: Wand              |       |     1 |     1 ||     2
  Use: Scroll            |     2 |       |       ||     2
       Potion            |       |       |     2 ||     2
Armor: Scale mail        |    77 |    87 |    25 ||   189
Dodge: Dodged            |    82 |    79 |    28 ||   189
Block: Buckler           |    41 |    38 |    19 ||    98
